 Dungeon Crawl Stone Soup version 0.28.0-45-g0d030f2227 (webtiles) character file.

Game seed: 14514154110340652027

454 101zpm the Magician (level 7, -7/47 HPs)
             Began as a Djinni Ice Elementalist on Apr 13, 2022.
             Mangled by a centaur warrior zombie (9 damage)
             ... on level 7 of the Dungeon on Apr 14, 2022.
             The game lasted 00:17:53 (7005 turns).

101zpm the Magician (Djinni Ice Elementalist)       Turns: 7005, Time: 00:17:54

Health: -7/47      AC:  3    Str: 11    XL:     7   Next: 26%
Gold:   104        EV: 13    Int: 19    God:
                   SH:  0    Dex: 13

rFire   + + .      SeeInvis +   g - +0 flail
rCold   x . .      Faith    .   (no shield)
rNeg    . . .      Spirit   .   a - +0 robe
rPois   ∞          Reflect  .   (no helmet)
rElec   .          Harm     .   f - +0 cloak of Gravity {*Slow rPois Str+4 SInv}
rCorr   .          Rampage  .   (no gloves)
Will    .....                   (boots unavailable)
Stlth   ++........              (no amulet)
HPRegen 0.15/turn               (no ring)
MPRegen 0.00/turn               (no ring)

@: flying, slowed, very slow
A: sickness immunity, fire resistance 2, cold vulnerability 1, float, innate
caster, HP casting, extra vitality 1
a: no special abilities


You were on level 7 of the Dungeon.
You visited 1 branch of the dungeon, and saw 8 of its levels.

You collected 104 gold pieces.

Inventory:

Hand Weapons
 g - a +0 flail (weapon)
Missiles
 b - 156 stones
 d - 41 sling bullets
Armour
 a - a +0 robe (worn)
 f - the +0 cloak of Gravity (worn) {*Slow rPois Str+4 SInv}
   (You found it on level 2 of the Dungeon)

   Str:       It affects your strength (+4).
   rPois:     It protects you from poison.
   SInv:      It lets you see invisible.
   *Slow:     It may slow you when you take damage.
Scrolls
 e - a scroll of vulnerability {unknown}
 h - 2 scrolls of identify
 j - a scroll of torment {unknown}
 l - 3 scrolls of teleportation
 m - a scroll of blinking {unknown}
 n - a scroll of enchant armour {unknown}
 o - a scroll of magic mapping {unknown}
 p - a scroll of immolation {unknown}
Potions
 c - 4 potions of curing {unknown}
 i - 2 potions of berserk rage {unknown}
 k - a potion of haste {unknown}


   Skills:
 + Level 1.3 Fighting
 + Level 2.5 Maces & Flails
 + Level 3.4 Dodging
 + Level 2.3 Stealth
 + Level 0.4 Unarmed Combat
 + Level 5.0 Spellcasting


You couldn't memorise any spells.
You knew the following spells:

 Your Spells              Type           Power      Damage    Failure   Level
a - Freeze                Ice            92%        1d10      1%          1
b - Frozen Ramparts       Ice            46%        1d6       4%          3
c - Ozocubu's Armour      Ice            23%        N/A       4%          3
d - Hailstorm             Conj/Ice       23%        3d7       16%         4
e - Animate Skeleton      Necr           46%        N/A       1%          1
f - Passwall              Tmut/Erth      19%        N/A       2%          2
g - Corpse Rot            Necr/Air       46%        N/A       2%          2
Your spell library was empty.

Dungeon Overview and Level Annotations

Branches:
Dungeon (8/15)
 Temple: D:4-7         Lair: D:8-11

Altars:

Annotations:
D:4 Menkaure


Innate Abilities, Weirdness & Mutations

You are immune to sickness and miasma.
You are immune to poison.
Your flesh is very heat resistant. (rF++)
You are vulnerable to cold. (rC-)
You float through the air rather than walking.
You learn spells naturally, not from books.
Your magical power is your life essence.
You have superior vitality. (+4 MHP)


Message History

Casting: Frozen Ramparts (dangerous; 4% risk of failure)
Press: ? - help, Dir - look around, f - activate The walls around you are covered in ice.
The centaur warrior zombie completely resists.
The wall freezes the centaur warrior zombie but does no damage.
The centaur warrior zombie hits you!
The centaur warrior zombie kicks you but does no damage.
The centaur warrior zombie completely resists.
The wall freezes the centaur warrior zombie but does no damage.
The centaur warrior zombie hits you but does no damage.
The centaur warrior zombie kicks you but does no damage.
Aiming: Freeze (safe; 1% risk of failure)
Press: ? - help, Q - select action, (/) - cycle Shift-Dir - straight line, f - centaur warrior zombie
Aim: a centaur warrior zombie (lightly damaged)
You freeze the centaur warrior zombie.
The centaur warrior zombie resists.
The centaur warrior zombie is lightly damaged.
The centaur warrior zombie completely resists.
The wall freezes the centaur warrior zombie but does no damage.
The centaur warrior zombie hits you!
* * * LOW HITPOINT WARNING * * *
The centaur warrior zombie kicks you.
* * * LOW HITPOINT WARNING * * *
The centaur warrior zombie completely resists.
The wall freezes the centaur warrior zombie but does no damage.
The centaur warrior zombie hits you.
* * * LOW HITPOINT WARNING * * *
The centaur warrior zombie kicks you but does no damage.
Your icy armour and frozen ramparts will break if you move.
Continue?
Your icy armour cracks and falls away as you move.
The frozen ramparts melt away as you move.
The centaur warrior zombie hits you but does no damage.
The centaur warrior zombie closely misses you.
The centaur warrior zombie hits you but does no damage.
The centaur warrior zombie kicks you.
* * * LOW HITPOINT WARNING * * *
The centaur warrior zombie barely misses you.
The centaur warrior zombie kicks you.
* * * LOW HITPOINT WARNING * * *
The centaur warrior zombie hits you!
You die...

#.....#####
##.#<......#
###....#.###.#
#......#.###.###.#
..........†......#
.....#######.#####
.....# #.#####
.....# #.....#
...#+# #####@#
###... #Z# .... #
#.# .... ##.#.#
... #....#
+......#.......
####..# #.#####
#.# #.# #.# #.#


You could see a centaur warrior zombie.

Vanquished Creatures
  A water moccasin (D:7)
  A sky beast (D:5)
  A scorpion (D:3)
  3 hounds
  A hound skeleton (D:2)
  An adder (D:2)
  2 adder zombies (D:2)
  An adder skeleton (D:2)
  A dart slug (D:1)
  5 orcs (D:3)
  3 ball pythons
  2 bats
  2 bat skeletons (D:2)
  A bat zombie (D:2)
  8 endoplasms
  2 giant cockroaches (D:2)
  6 goblins
  5 hobgoblins
  4 jackals (D:3)
  A quokka (D:3)
  3 ball python skeletons (D:2)
  2 frilled lizards
  A jackal skeleton (D:2)
  4 kobolds
  A quokka skeleton (D:2)
  8 rats
70 creatures vanquished.

Vanquished Creatures (others)
  A withered plant (D:2)
1 creature vanquished.

Grand Total: 71 creatures vanquished

Notes
Turn   | Place    | Note
-------+----------+-------------------------------------------
     0 | D:1      | 101zpm the Djinni Ice Elementalist began the quest for the
                  | Orb.
     0 | D:1      | Reached XP level 1. HP: 15/15 MP: 0/0
   426 | D:2      | Reached XP level 2. HP: 4/21 MP: 0/0
  1039 | D:2      | Identified the +0 cloak of Gravity {*Slow rPois Str+4 SInv}
  1462 | D:1      | Reached XP level 3. HP: 17/25 MP: 0/0
  1462 | D:1      | Learned a level 1 spell: Animate Skeleton
  2796 | D:2      | Reached XP level 4. HP: 21/31 MP: 0/0
  3164 | D:2      | Reached skill level 1 in Maces & Flails
  3854 | D:3      | Reached XP level 5. HP: 8/36 MP: 0/0
  3854 | D:3      | Learned a level 2 spell: Passwall
  4853 | D:3      | Reached skill level 4 in Spellcasting
  4854 | D:3      | Reached skill level 1 in Fighting
  4854 | D:3      | Reached XP level 6. HP: 33/42 MP: 0/0
  5049 | D:4      | Noticed Menkaure
  5070 | D:4      | HP: 2/42 [Menkaure/nerve-wracking pain (6)]
  5911 | D:5      | Entered Level 5 of the Dungeon
  6000 | D:5      | Noticed a sky beast
  6054 | D:5      | Killed a sky beast
  6201 | D:5      | Noticed an ice beast
  6790 | D:7      | Noticed a water moccasin
  6800 | D:7      | Killed a water moccasin
  6801 | D:7      | Reached skill level 5 in Spellcasting
  6801 | D:7      | Reached XP level 7. HP: 20/47 MP: 0/0
  6801 | D:7      | Learned a level 2 spell: Corpse Rot
  7004 | D:7      | HP: 2/47 [centaur warrior zombie (4)]
  7005 | D:7      | Mangled by a centaur warrior zombie

Illustrated notes

Levels and vault maps discovered:
D:1:      dpeg_arrival_three_same_balls, layout_basic, minmay_pentomino_q4
D:2:      minmay_evil_eye, layout_loops_corners, serial_undead, serial_undead_e,
          serial_undead_d, serial_undead_d, serial_undead_d, serial_undead_f,
          serial_undead_b, serial_undead_e, serial_undead_a, minmay_tripent
D:3:      layout_rooms
D:4:      layout_loops_ring, gammafunk_temple_overflow_elements, uniq_menkaure
D:5:      layout_rooms, kennysheep_little_box, minmay_temple_entry_sparse_star,
          serial_shops, shop
D:6:      layout_loops_ring, nicolae_ru_awakened_eye, serial_bayou,
          serial_bayou_pond_e, serial_bayou_pond_d, serial_bayou_crossing,
          serial_bayou_pond_d, amcnicky_mini_corridor_feature,
          uniq_blork_the_orc, uniq_sigmund
D:7:      layout_loops_corners, old_standard_altar, uniq_duvessa
D:8:      layout_loops_ring, lemuel_blue_sif_altar

Skill      XL: |  1  2  3  4  5  6 |
---------------+-------------------+-----
Maces & Flails | 1 2 |  2.5
Stealth        | 2 |  2.3
Dodging        | 3 |  3.4
Spellcasting   | 4 5 |  5.0
Fighting       | 1 |  1.3
Unarmed Combat | |  0.4

Action                   |  1- 3 |  4- 6 |  7- 9 || total
-------------------------+-------+-------+-------++-------
Melee: Unarmed           |     9 |       |       ||     9
       Flail             |    88 |    65 |       ||   153
       Punch             |       |     2 |       ||     2
 Cast: Freeze            |    33 |    20 |     2 ||    55
       Frozen Ramparts   |     1 |    16 |     2 ||    19
       Hailstorm         |       |     2 |       ||     2
       Ozocubu's Armour  |       |    11 |     1 ||    12
  Use: Scroll            |       |     1 |       ||     1
 Stab: Sleeping          |     2 |     1 |       ||     3
Armor: Robe              |    49 |    38 |    16 ||   103
Dodge: Dodged            |   123 |   102 |     8 ||   233
